 Dungeon Crawl Stone Soup version 0.30-a0-782-ge64f9170bb (webtiles) character file.

Game seed: 15954664813061539156

162 Barriton the Gusty (level 5, -3/39 HPs)
             Began as a Draconian Air Elementalist on Mar 14, 2023.
             Slain by Sigmund
             ... wielding a +0 scythe
              (10 damage)
             ... on level 3 of the Dungeon.
             The game lasted 00:05:05 (3264 turns).

Barriton the Gusty (Draconian Air Elementalist)     Turns: 3264, Time: 00:05:05

Health: -3/39      AC:  5    Str: 11    XL:     5   Next: 19%
Magic:  1/9        EV: 12    Int: 17    God:
Gold:   170        SH:  0    Dex: 11    Spells: 7/10 levels left

rFire   . . .      SeeInvis .    (no weapon)
rCold   . . .      Faith    .    (no shield)
rNeg    . . .      Spirit   .    (body armour unavailable)
rPois   .          Reflect  .    (helmet restricted)
rElec   .          Harm     .    (no cloak)
rCorr   .          Rampage  .    (no gloves)
Will    .....                    (no boots)
Stlth   ++                       (no amulet)
HPRegen 0.26/turn                (no ring)
MPRegen 0.11/turn                (no ring)

@: no status effects
A: AC +5, unfitting armour, cold-blooded
a: no special abilities


You were on level 3 of the Dungeon.
You visited 1 branch of the dungeon, and saw 3 of its levels.

You collected 170 gold pieces.

Inventory:

Scrolls
 c - a scroll of fear
Potions
 a - 2 potions of magic
 b - a potion of mutation {unknown}
 d - 2 potions of lignification
 e - a potion of resistance {unknown}
 f - a potion of curing {unknown}
 g - a potion of invisibility {unknown}
 h - 2 potions of degeneration
 i - a potion of might {unknown}
 j - a potion of brilliance {unknown}
 k - a potion of attraction {unknown}


   Skills:
 + Level 0.6 Fighting
 + Level 2.4 Dodging
 + Level 2.0 Stealth
 + Level 0.4 Unarmed Combat
 + Level 3.3 Spellcasting
 + Level 2.2 Conjurations
 + Level 3.8 Air Magic


You had 7 spell levels left.
You knew the following spells:

 Your Spells              Type           Power      Damage    Failure   Level
a - Shock                 Conj/Air       52%        1d6       4%          1
b - Static Discharge      Conj/Air       26%        2-4/arc   8%          2

Your spell library contained the following spells:

 Spells                   Type           Power      Damage    Failure   Level
 Swiftness                Air            16%        N/A       11%         3
 Poisonous Vapours        Pois/Air       18%        N/A       12%         2
 Cigotuvi's Dreadful Rot  Necr/Pois/Air  14%        N/A       16%         2
 Mephitic Cloud           Conj/Pois/Air  9%         N/A       22%         3
 Lesser Beckoning         Tloc           4%         N/A       26%         2
 Airstrike                Air            8%         2d(2-18)  34%         4
 Gell's Gravitas          Tloc           2%         N/A       45%         3
 Summon Guardian Golem    Hex/Summ       2%         N/A       45%         3
 Teleport Other           Tloc           2%         N/A       45%         3
 Orb of Destruction       Conj           5%         9d5       100%        7
 Spellforged Servitor     Conj/Summ      3%         N/A       100%        7


Dungeon Overview and Level Annotations

Branches:
Dungeon (3/15)

Altars:
Fedhas

Shops:
D:1 *

Annotations:
D:3 Sigmund


Innate Abilities, Weirdness & Mutations

Your plain brown scales are hard. (AC +5)
You cannot fit into any form of body armour.
You are cold-blooded and may be slowed by cold attacks.


Message History

Aim: Sigmund, wielding a +0 scythe and wearing a +0 robe (heavily wounded, 64% to hit)
The zap hits Sigmund.
Sigmund is heavily wounded.
Sigmund hits you from afar with a +0 scythe.
Casting: Shock (safe; 4% risk of failure)
Confirm with . or Enter, or press ? or * to list all spells.
Okay, then.
You see here a +0 dagger.
Casting: Shock (safe; 4% risk of failure)
Confirm with . or Enter, or press ? or * to list all spells.
Aiming: Shock (safe; 4% risk of failure)
Press: ? - help, Shift-Dir - straight line, f/p - Sigmund
Aim: Sigmund, wielding a +0 scythe and wearing a +0 robe (heavily wounded, 64% to hit)
The zap hits Sigmund.
Sigmund is severely wounded.
Sigmund hits you with a +0 scythe!
Your magical contamination has completely faded away.
You hit Sigmund.
Sigmund is severely wounded.
Sigmund closely misses you.
You barely miss Sigmund.
Sigmund is severely wounded.
You barely miss Sigmund.
Sigmund is severely wounded.
Sigmund mumbles some strange words.
Sigmund flickers and vanishes!
Deactivating autopickup; reactivate with Ctrl-A.
You completely miss something.
Your tail-slap misses something.
Something hits you!
You miss something.
Your tail-slap misses something.
Something hits you but does no damage.
You closely miss something.
Your tail-slap misses something.
You hit something but do no damage.
You hear some strange, mumbled words.
A puff of flame appears from out of thin air!
The puff of flame hits you!
You closely miss something. Something hits you!
* * * LOW HITPOINT WARNING * * *
You miss something. Something hits you!
You die...

##################
#.......†.........
#.################
#.# ##### #@#
#.... #{# #....
... #.... .$...
#.... .......
#.... ##.......
#.... .........
#.... ##.........
#.... #....


There were no monsters in sight!

Vanquished Creatures
  Jessica (D:3)
  Robin (D:2)
  3 adders
  4 dart slugs
  6 ball pythons
  7 bats
  An endoplasm (D:1)
  5 giant cockroaches
  12 hobgoblins
  7 jackals (D:1)
  7 kobolds
  4 quokkas
  A frilled lizard (D:1)
  16 goblins
  5 rats
80 creatures vanquished.

Notes
Turn   | Place    | Note
-------+----------+-------------------------------------------
     0 | D:1      | Barriton the Draconian Air Elementalist began the quest for
                  | the Orb.
     0 | D:1      | Reached XP level 1. HP: 14/14 MP: 3/3
   178 | D:1      | Found Viroh's Assorted Antiques.
   215 | D:1      | Reached XP level 2. HP: 17/20 MP: 0/5
   248 | D:1      | Learned a level 2 spell: Static Discharge
   570 | D:1      | Reached XP level 3. HP: 26/26 MP: 3/6
  1698 | D:2      | Found a blossoming altar of Fedhas.
  1830 | D:2      | Reached XP level 4. HP: 34/34 MP: 5/7
  2391 | D:2      | Noticed Robin
  2406 | D:2      | Killed Robin
  2781 | D:3      | Noticed Jessica
  2791 | D:3      | Killed Jessica
  2792 | D:3      | Reached XP level 5. HP: 39/39 MP: 4/9
  3243 | D:3      | Noticed Sigmund
  3264 | D:3      | Slain by Sigmund

Illustrated notes

Levels and vault maps discovered:
D:1:      evilmike_arrival_grusome_pit, layout_basic, serial_shops, shop
D:2:      layout_loops_corners, basic_altar, st_stairs_13, uniq_robin
D:3:      layout_basic, uniq_sigmund, uniq_jessica

Skill      XL: |  1  2  3  4 |
---------------+-------------+-----
Dodging        | 2 |  2.4
Stealth        | 2 |  2.0
Spellcasting   | 3 |  3.3
Conjurations   | 2 |  2.2
Fighting       | |  0.6
Unarmed Combat | |  0.4
Air Magic      | |  3.8

Action                     |  1- 3 |  4- 6 || total
---------------------------+-------+-------++-------
  Melee: Unarmed           |    62 |    27 ||    89
         Tailslap          |     9 |     2 ||    11
   Cast: Shock             |    87 |    69 ||   156
    Use: Scroll            |     3 |     4 ||     7
 Armour: Skin              |    40 |     9 ||    49
  Dodge: Dodged            |    53 |    26 ||    79

Table legend: (Time is in decaauts)
 A = Elapsed time spent in this place.
 B = Non-inter-level travel time spent in this place.
 C = Inter-level travel time spent in this place.
 D = Time resting spent in this place.
 E = Time spent auto-exploring this place.
 F = Levels seen in this place.
 G = Mean time per level.
                   A        B        C        D        E       F      G
               +--------+--------+--------+--------+--------+-----+--------+
         Total |   3264 |   3199 |     65 |      0 |   2786 |   3 | 1088.0 |
       Dungeon |   3264 |   3199 |     65 |      0 |   2786 |   3 | 1088.0 |
               +--------+--------+--------+--------+--------+-----+--------+

Top non-repeatable levels by time:
     D:2: 1557 daAuts
     D:1: 1179 daAuts
     D:3: 528 daAuts
